 Dungeon Crawl Stone Soup version 0.27-a0-1188-g73eefd5def (webtiles) character file.

Game seed: 11200132320770706385

114 deadleaves the Stinger (level 4, 0/36 HPs)
             Began as a Naga Venom Mage on May 22, 2021.
             Was a Plaything of Xom.
             Killed from afar by Dowan (13 damage)
             ... with a puff of frost
             ... on level 4 of the Dungeon.
             The game lasted 00:12:22 (2692 turns).

deadleaves the Stinger (Naga Venom Mage)            Turns: 2692, Time: 00:12:23

Health: 0/36       AC:  4    Str: 10    XL:     4   Next: 97%
Magic:  3/7        EV:  9    Int: 19    God:    Xom [.*....]
Gold:   22         SH:  0    Dex: 11    Spells: 1/7 levels left

rFire    . . .     SeeInvis +   d - +0 spear
rCold    . . .     Faith    .   (no shield)
rNeg     . . .     Spirit   .   m - +2 robe {Will+}
rPois    +         Reflect  .   (no helmet)
rElec    .         Harm     .   (no cloak)
rCorr    .         Rampage  .   (no gloves)
Will     +....     Clarity  +   (no barding)
Stlth    +++.......             l - amulet of the acrobat
HPRegen  0.12/turn              (no ring)
MPRegen  0.10/turn              (no ring)

@: short of breath, very slow
A: AC +1, large, see invisible, deformed body, poison resistance, slowness 2,
spit poison 1, naga tail 1, camouflage 1, clarity, clever 1, deterioration 1,
MP-powered wands
a: Spit Poison, Renounce Religion


You were on level 4 of the Dungeon.
You worshipped Xom.
You were a plaything of Xom.
You visited 1 branch of the dungeon, and saw 4 of its levels.

You collected 134 gold pieces.
You spent 112 gold pieces at shops.

Inventory:

Hand Weapons
 d - a +0 spear (weapon)
Armour
 m - a +2 robe of willpower (worn)
Jewellery
 l - an amulet of the acrobat (around neck)
Wands
 k - a wand of iceblast (9)
Scrolls
 a - a scroll of teleportation {unknown}
 c - a scroll of vulnerability {unknown}
 e - a scroll of noise {unknown}
 f - a scroll of enchant weapon {unknown}
 h - a scroll of enchant armour {unknown}
 i - a scroll of identify {unknown}
 o - a scroll of torment {unknown}
Potions
 b - a potion of heal wounds {unknown}
 g - 2 potions of might {unknown}
 j - 2 potions of curing {unknown}
 n - a potion of degeneration {unknown}


   Skills:
 - Level 1.5 Dodging
 - Level 3.0 Stealth
 - Level 2.0 Spellcasting
 + Level 1.6 Conjurations
 - Level 1.0 Transmutations
 + Level 1.5 Air Magic
 + Level 6.2 Poison Magic


You had one spell level left.
You knew the following spells:

 Your Spells              Type           Power      Damage    Failure   Level
a - Sting                 Tmut/Pois      60%        1d6       3%          1
b - Poisonous Vapours     Pois/Air       32%        N/A       4%          2
c - Mephitic Cloud        Conj/Pois/Air  13%        N/A       14%         3

Your spell library contained the following spells:

 Spells                   Type           Power      Damage    Failure   Level
 Olgreb's Toxic Radiance  Pois           25%        N/A       13%         4
 Ignite Poison            Fire/Tmut/Pois 11%        N/A       19%         3


Dungeon Overview and Level Annotations

Branches:
Dungeon (4/15)
 Temple: D:4-7

Altars:
Kikubaaqudgha
Xom

Shops:
D:4 !

Annotations:
D:4 Dowan, Duvessa


Innate Abilities, Weirdness & Mutations

Your serpentine skin is tough. (AC +1)
You have supernaturally acute eyesight. (SInv)
Armour fits poorly on your strangely shaped body.
Your system is resistant to poisons. (rPois)
You cover ground very slowly.
You can spit poison.
You have a snake-like lower body.
Your skin changes colour to match your surroundings (Stealth+).
You possess an exceptional clarity of mind.
Your mind is acute. (Int +2)
Your body sometimes deteriorates upon taking damage.
You expend magic power (3 MP) to strengthen your wands.


Message History

Press: ? - help, Shift-Dir - straight line, f - Dowan
Aim: Dowan, wielding a +0 dagger and wearing a +0 robe (moderately wounded, poisoned, 64% to hit)
The sting hits Dowan.
Dowan looks even sicker.
Dowan is moderately wounded.
Dowan gestures at you while chanting. The puff of frost hits you!
Press: ? - help, Shift-Dir - straight line, f/p - Dowan
Aim: Dowan, wielding a +0 dagger and wearing a +0 robe (moderately wounded, very poisoned)
The splash of poison misses Dowan.
Dowan points at you and mumbles some strange words.
You resist with almost no effort.
Casting: Sting (safe; 3% risk of failure)
Confirm with . or Enter, or press ? or * to list all spells.
Aiming: Sting (safe; 3% risk of failure)
Press: ? - help, Shift-Dir - straight line, f/p - Dowan
Aim: Dowan, wielding a +0 dagger and wearing a +0 robe (heavily wounded, very poisoned, 64% to hit)
The sting hits Dowan.
Dowan looks even sicker.
Dowan is severely wounded.
Dowan hits you with a +0 dagger.
Casting: Sting (safe; 3% risk of failure)
Confirm with . or Enter, or press ? or * to list all spells.
Aiming: Sting (safe; 3% risk of failure)
Press: ? - help, Shift-Dir - straight line, f/p - Dowan
Aim: Dowan, wielding a +0 dagger and wearing a +0 robe (severely wounded, very poisoned, 64% to hit)
The sting hits Dowan.
Dowan looks as sick as possible!
Dowan is almost dead.
Dowan says, "Magic and the sword, together, will defeat you."
Dowan hits you with a +0 dagger.
Casting: Sting (safe; 3% risk of failure)
Confirm with . or Enter, or press ? or * to list all spells.
Aiming: Sting (safe; 3% risk of failure)
Press: ? - help, Shift-Dir - straight line, f/p - Dowan
Aim: Dowan, wielding a +0 dagger and wearing a +0 robe (almost dead, extremely poisoned, 64% to hit)
The sting hits Dowan but does no damage.
Dowan looks as sick as possible!
Dowan is almost dead.
Dowan gestures at you while chanting. The puff of frost hits you!
You die... "It was about time."

#..###..#.#####.8#
#....e.#.# #..#
#....e.....#.#
####
####.$.#####.#
#### #.# #.# #.#
#e# #@# ###


You could see Dowan (extremely poisoned).

Vanquished Creatures
  A hound (D:4)
  An adder (D:2)
  10 orcs (D:4)
  2 bats
  3 endoplasms
  3 giant cockroaches
  8 goblins
  3 hobgoblins
  12 jackals
  8 ball pythons
  A frilled lizard (D:3)
  7 rats
59 creatures vanquished.

Notes
Turn   | Place    | Note
-------+----------+-------------------------------------------
     0 | D:1      | deadleaves the Naga Venom Mage began the quest for the Orb.
     0 | D:1      | Reached XP level 1. HP: 15/15 MP: 3/3
   129 | D:1      | Found a faded altar of an unknown god.
   139 | D:1      | Became a worshipper of Xom of Chaos
   199 | D:1      | XOM: divination: detect items
   410 | D:1      | Reached XP level 2. HP: 17/22 MP: 3/5
   518 | D:1      | XOM: silly message
   780 | D:2      | Reached skill level 5 in Poison Magic
   786 | D:2      | Learned a level 2 spell: Poisonous Vapours
   937 | D:2      | Reached XP level 3. HP: 28/28 MP: 0/6
   941 | D:2      | Learned a level 3 spell: Mephitic Cloud
   996 | D:2      | XOM: noise
  1113 | D:2      | You fall into a shaft and drop 2 floors!
  1135 | D:4      | XOM: silly message
  1146 | D:4      | XOM: divination: magic mapping
  1390 | D:4      | Reached skill level 1 in Conjurations
  1390 | D:4      | Reached skill level 1 in Air Magic
  1390 | D:4      | Reached skill level 6 in Poison Magic
  1390 | D:4      | Reached XP level 4. HP: 29/36 MP: 0/7
  1704 | D:3      | XOM: summons 3 hostile shadow creatures
  1945 | D:3      | XOM: 8-stop teleportation journey
  2114 | D:3      | Found an ancient bone altar of Kikubaaqudgha.
  2287 | D:3      | XOM: give mutations
  2287 | D:3      | Gained mutation: You sometimes lose the ability to read
                  | scrolls when taking damage. [Xom's mischief]
  2287 | D:3      | Gained mutation: Your body sometimes deteriorates upon
                  | taking damage. [Xom's mischief]
  2287 | D:3      | Gained mutation: Your body often deteriorates upon taking
                  | damage. [Xom's mischief]
  2287 | D:3      | Gained mutation: You possess an exceptional clarity of
                  | mind. [Xom's mischief]
  2618 | D:4      | Found Nevadit's Distillery.
  2629 | D:4      | Bought a potion of mutation for 112 gold pieces
  2629 | D:4      | Lost mutation: You sometimes lose the ability to read
                  | scrolls when taking damage. [potion of mutation]
  2629 | D:4      | Lost mutation: Your body often deteriorates upon taking
                  | damage. [potion of mutation]
  2629 | D:4      | Gained mutation: Your skin changes colour to match your
                  | surroundings (Stealth+). [potion of mutation]
  2629 | D:4      | Gained mutation: Your mind is acute. (Int +2) [potion of
                  | mutation]
  2629 | D:4      | Gained mutation: You expend magic power (3 MP) to
                  | strengthen your wands. [potion of mutation]
  2666 | D:4      | Noticed Dowan
  2673 | D:4      | Noticed Duvessa
  2685 | D:4      | XOM: cast spell 'Olgreb's Toxic Radiance'
  2692 | D:4      | Killed from afar by Dowan

Illustrated notes

Levels and vault maps discovered:
D:1:      kennysheep_arrival_forest, layout_basic,
          hellmonk_ecumenical_altar_arch_garden, minmay_strange_pillars
D:2:      layout_rooms
D:3:      layout_loops_ring, kiku_gazebo_pond_becter, minmay_between
D:4:      layout_basic, nemelex_spade_bored_becter, serial_shops,
          nicolae_shop_statue_plus, minmay_stone_trees_small,
          dk_rats_in_the_wall, uniq_sigmund, uniq_duvessa

Skill      XL: |  1  2  3 |
---------------+----------+-----
Poison Magic   | 5 6 |  6.2
Conjurations   | 1 |  1.6
Air Magic      | 1 |  1.5
Dodging        | |  1.5
Stealth        | |  3.0
Spellcasting   | |  2.0
Transmutations | |  1.0

Action                   |  1- 3 |  4- 6 || total
-------------------------+-------+-------++-------
Melee: Spear             |    33 |    32 ||    65
 Cast: Sting             |    13 |    12 ||    25
       Poisonous Vapours |    12 |     6 ||    18
       Mephitic Cloud    |       |     1 ||     1
 Abil: Spit Poison       |    14 |     8 ||    22
  Use: Potion            |       |     1 ||     1
 Stab: Sleeping          |     1 |     3 ||     4
Armor: Robe              |     3 |     9 ||    12
Dodge: Dodged            |    24 |    18 ||    42

Table legend: (Time is in decaauts)
 A = Elapsed time spent in this place.
 B = Non-inter-level travel time spent in this place.
 C = Inter-level travel time spent in this place.
 D = Time resting spent in this place.
 E = Time spent auto-exploring this place.
 F = Levels seen in this place.
 G = Mean time per level.
                   A        B        C        D        E       F      G
               +--------+--------+--------+--------+--------+-----+--------+
         Total |   3301 |   3187 |    114 |    544 |   2201 |   4 |  825.2 |
       Dungeon |   3301 |   3187 |    114 |    544 |   2201 |   4 |  825.2 |
               +--------+--------+--------+--------+--------+-----+--------+

Top non-repeatable levels by time:
     D:3: 1248 daAuts
     D:1: 1020 daAuts
     D:4: 657 daAuts
     D:2: 374 daAuts
